 Dungeon Crawl Stone Soup version bcrawl-1.19.1 (webtiles) character file.

Game seed: 15126107874711641917

60 Freyura the Skirmisher (level 4, -3/41 HPs)
             Began as a Hill Orc Fighter on Dec 8, 2019.
             Slain by Sigmund
             ... wielding a +0 scythe
              (5 damage)
             ... on level 2 of the Dungeon.
             The game lasted 00:05:13 (1172 turns).

Freyura the Skirmisher (Hill Orc Fighter)           Turns: 1172, Time: 00:05:13

Health: -3/41      AC:  7    Str: 23    XL:     4   Next: 4%
Magic:  4/4        EV:  7    Int:  8    God:
Gold:   53         SH:  9    Dex: 11    Spells: 3/3 levels left

rFire    . . .     SeeInvis .   k - +0 morningstar
rCold    . . .     Gourm    +   c - +0 shield
rNeg     . . .     Faith    .   b - +0 scale mail
rPois    .         Spirit   .   (no helmet)
rElec    .         Reflect  .   (no cloak)
rCorr    .         Harm     .   (no gloves)
MR       .....                  (no boots)
Stlth    ..........             e - amulet of the gourmand
HPRegen  0.13/turn              (no ring)
MPRegen  0.09/turn              (no ring)

@: mighty
A: no striking features
a: no special abilities


You were on level 2 of the Dungeon.
You were full.

You visited 1 branch of the dungeon, and saw 2 of its levels.

You collected 53 gold pieces.

Inventory:

Hand Weapons
 k - a +0 morningstar (weapon)
Armour
 b - a +0 scale mail (worn)
 c - a +0 shield (worn)
Jewellery
 e - an amulet of the gourmand (around neck)
Scrolls
 a - a scroll of enchant weapon {unknown}
 g - 2 scrolls of fear {unknown}
 i - 2 scrolls of identify {unknown}
 j - a scroll of remove curse {unknown}
Potions
 d - a potion of might
 h - a potion of flight {unknown}
 l - a potion of ambrosia {unknown}
Comestibles
 f - 5 rations {!d}


   Skills:
 * Level 4.7 Fighting
   Level 4.7 Short Blades
   Level 4.7 Long Blades
   Level 4.7 Axes
   Level 4.7 Maces & Flails
   Level 4.7 Polearms
   Level 4.7 Staves
 + Level 3.9 Armour
 + Level 3.8 Shields
   Level 4.7 Unarmed Combat


You had 3 spell levels left.
You didn't know any spells.
Your spell library was empty.

Dungeon Overview and Level Annotations

Branches:
Dungeon (2/12)

Altars:

Annotations:
D:2 Sigmund


Message History

The giant cockroach bites you but does no damage.
You barely miss the giant cockroach. The giant cockroach bites you.
The giant cockroach bites you but does no damage.
You feel very mighty all of a sudden. Something hits you!
You block the giant cockroach's attack.
You closely miss the giant cockroach.
The giant cockroach bites you but does no damage.
Something hits you! You block the giant cockroach's attack.
You puncture the giant cockroach!
You kill the giant cockroach!
Something hits you!
You see here a giant cockroach corpse.
You barely miss something. Something hits you.
* * * LOW HITPOINT WARNING * * *
You closely miss something. You block something's attack.
You barely miss something. You closely miss something. Something hits you!
* * * LOW HITPOINT WARNING * * *
You impale something!! Something hits you.
You die...

..........>.......
....######.########
....# #.###....####
....# #........l...
. ....#
#.###†##.####.#
..########+# #.#
... .##....... #†#
.. .# .......
#.###.# .##.......
#..@).# ..........
####### ..........
..........
..#.......
..####+### ..####.#
..+....#######
..##..........


There were no monsters in sight!

Vanquished Creatures
  A gnoll (D:1)
  An adder (D:2)
  A leopard gecko (D:2)
  3 orcs (D:2)
  2 ball pythons
  3 giant cockroaches
  5 hobgoblins (D:1)
  4 kobolds
  2 quokkas (D:2)
  A bat (D:1)
  2 frilled lizards
  5 goblins
  4 rats
34 creatures vanquished.

Notes
Turn   | Place    | Note
-------+----------+-------------------------------------------
     0 | D:1      | Freyura the Hill Orc Fighter began the quest for the Orb.
     0 | D:1      | Reached XP level 1. HP: 20/20 MP: 1/1
   110 | D:1      | Reached XP level 2. HP: 23/27 MP: 2/2
   320 | D:1      | Reached XP level 3. HP: 34/34 MP: 3/3
  1152 | D:2      | Reached XP level 4. HP: 41/41 MP: 4/4
  1156 | D:2      | Noticed Sigmund
  1171 | D:2      | HP: 1/41 [something (8)]
  1172 | D:2      | Slain by Sigmund

Action                   |  1- 3 |  4- 6 || total
-------------------------+-------+-------++-------
Melee: Flail             |    92 |       ||    92
       Morningstar       |     9 |    13 ||    22
  Use: Potion            |       |     1 ||     1
  Eat: Chunk             |     5 |       ||     5
Armor: Scale mail        |    31 |     5 ||    36
Dodge: Dodged            |    24 |     1 ||    25
Block: Shield            |    52 |     7 ||    59
